 Dungeon Crawl Stone Soup version 0.30-a0-389-g8d7d949f56 (webtiles) character file.

Game seed: 5806769228110902814

23 Lobster4 the Gusty (level 3, 0/25 HPs)
             Began as a Human Wanderer on Dec 4, 2022.
             Slain by a hobgoblin (2 damage)
             ... on level 2 of the Dungeon.
             The game lasted 00:03:52 (1139 turns).

Lobster4 the Gusty (Human Wanderer)                 Turns: 1139, Time: 00:03:53

Health: 0/25       AC:  7    Str: 11    XL:     3   Next: 10%
Magic:  6/6        EV:  8    Int: 19    God:
Gold:   43         SH:  0    Dex:  8    Spells: 6/6 levels left

rFire   . . .      SeeInvis .    a - +0 whip
rCold   . . .      Faith    .    (no shield)
rNeg    . . .      Spirit   .    c - +0 scale mail
rPois   .          Reflect  .    (no helmet)
rElec   .          Harm     .    f - +0 cloak
rCorr   .          Rampage  .    (no gloves)
Will    .....                    (no boots)
Stlth   ..........               (no amulet)
HPRegen 0.24/turn                (no ring)
MPRegen 0.10/turn                (no ring)

@: slowed, very slow
A: no striking features
a: no special abilities


You were on level 2 of the Dungeon.
You visited 1 branch of the dungeon, and saw 2 of its levels.

You collected 43 gold pieces.

Inventory:

Hand Weapons
 a - a +0 whip (weapon)
Missiles
 h - 3 stones (quivered)
 k - 2 poisoned darts
Armour
 b - a +0 leather armour
 c - a +0 scale mail (worn)
 f - a +0 cloak (worn)
Jewellery
 g - a ring of wizardry
 i - a ring of poison resistance
 j - the amulet of Elemental Vulnerability {rPois rF-- rC-- AC+8}
   (You found it on level 2 of the Dungeon)

   [amulet of nothing]

   AC:        It affects your AC (+8).
   rF:        It makes you very vulnerable to fire.
   rC:        It makes you very vulnerable to cold.
   rPois:     It protects you from poison.
Scrolls
 d - a scroll of teleportation
Potions
 e - a potion of curing {unknown}


   Skills:
 + Level 0.5 Fighting
 + Level 1.2 Armour
 + Level 0.4 Dodging
 + Level 0.4 Stealth
 + Level 2.1 Spellcasting
 + Level 3.1 Translocations
 * Level 3.2 Air Magic
 + Level 1.2 Evocations


You had 6 spell levels left.
You didn't know any spells.
Your spell library contained the following spells:

 Spells                   Type           Power      Damage    Failure   Level
 Apportation              Tloc           28%        N/A       26%         1
 Shock                    Conj/Air       32%        1d5       45%         1
 Teleport Other           Tloc           14%        N/A       63%         3
 Mephitic Cloud           Conj/Pois/Air  6%         N/A       88%         3
 Airstrike                Air            7%         2d(1-17)  95%         4


Dungeon Overview and Level Annotations

Branches:
Dungeon (2/15)

Altars:

Shops:
D:1 *

Annotations:
D:1 1 exclusion
D:2 1 runed translucent door, Crazy Yiuf, Natasha


Message History

The hobgoblin shouts!
The hobgoblin hits you.
* * * LOW HITPOINT WARNING * * *
You hit the hobgoblin.
The hobgoblin is almost dead.
The hobgoblin closely misses you.
The hobgoblin hits you but does no damage.
You hit the hobgoblin but do no damage.
The hobgoblin is almost dead.
The hobgoblin barely misses you.
The hobgoblin hits you but does no damage.
You closely miss the hobgoblin.
The hobgoblin is almost dead.
The hobgoblin hits you.
* * * LOW HITPOINT WARNING * * *
You barely miss the hobgoblin. Your punch misses the hobgoblin.
The hobgoblin is almost dead.
The hobgoblin hits you but does no damage.
The hobgoblin barely misses you.
You hit the hobgoblin but do no damage.
The hobgoblin is almost dead.
The hobgoblin hits you but does no damage.
The hobgoblin hits you.
* * * LOW HITPOINT WARNING * * *
You barely miss the hobgoblin.
The hobgoblin is almost dead.
The hobgoblin barely misses you.
You barely miss the hobgoblin.
The hobgoblin is almost dead.
A bat comes into view.
The hobgoblin hits you but does no damage.
The bat closely misses you.
The hobgoblin hits you but does no damage.
You barely miss the hobgoblin.
The hobgoblin is almost dead.
The bat hits you but does no damage. The bat closely misses you.
The hobgoblin hits you.
* * * LOW HITPOINT WARNING * * *
The bat hits you but does no damage. The hobgoblin hits you.
You die...

.##.## . #
.#.....#..#.#
##.#.......#.#.#
..#.........#..#
#.....≈.....#.# ###
#..$.≈_≈....#.....
#....≈.≈....#.#.###
#.....≈.....#.g...#
#...........#@#.#
#.........#b<..#
#...........#...#
....#.....#..#.....#
####.#####.#.#..####
.). ...#.#... ...
.####....## ### #
..#..# .# #. ..# ...


You could see a hobgoblin and a bat.

Vanquished Creatures
  An adder (D:2)
  A dart slug (D:1)
  2 endoplasms (D:1)
  A hobgoblin (D:1)
  A kobold (D:1)
  2 quokkas
  3 ball pythons
11 creatures vanquished.

Notes
Turn   | Place    | Note
-------+----------+-------------------------------------------
     0 | D:1      | Lobster4 the Human Wanderer began the quest for the Orb.
     0 | D:1      | Lobster4 set off with the following items: a +0 club, a
                  | potion of heal wounds, a +0 scale mail; and the following
                  | spells available to memorise: Apportation, Shock, Teleport
                  | Other, Mephitic Cloud, Airstrike.
     0 | D:1      | Reached XP level 1. HP: 13/13 MP: 3/3
    50 | D:1      | Found Bojiur's Assorted Antiques.
   133 | D:1      | Reached XP level 2. HP: 11/19 MP: 5/5
   947 | D:2      | Reached XP level 3. HP: 23/25 MP: 6/6
   966 | D:2      | Found a runed translucent door.
   967 | D:2      | Noticed Crazy Yiuf
  1088 | D:2      | Found the amulet of Elemental Vulnerability {rPois rF--
                  | rC-- AC+8}
  1104 | D:2      | Noticed Natasha
  1118 | D:2      | Found a faded altar of an unknown god.
  1139 | D:2      | Slain by a hobgoblin

Illustrated notes

Levels and vault maps discovered:
D:1:      minmay_arrival_floating_metal, layout_basic, serial_shops,
          nicolae_shop_advertising_works [nicolae_subvault_shop_adworks]
D:2:      layout_basic, shapermc_ecumenical_altar_starsandcircs, st_stairs_13,
          chequers_mini_garden, mrwooster_statue_mirror, nicolae_hexahallways,
          due_unseen_surprise, uniq_natasha, uniq_sigmund,
          uniq_crazy_yiuf_cottage

Action                   || total
-------------------------++-------
Melee: Club              ||    37
       Whip              ||    46
  Use: Potion            ||     1
       Scroll            ||     3
Armor: Scale mail        ||    44
Dodge: Dodged            ||    35

Table legend: (Time is in decaauts)
 A = Elapsed time spent in this place.
 B = Non-inter-level travel time spent in this place.
 C = Inter-level travel time spent in this place.
 D = Time resting spent in this place.
 E = Time spent auto-exploring this place.
 F = Levels seen in this place.
 G = Mean time per level.
                   A        B        C        D        E       F      G
               +--------+--------+--------+--------+--------+-----+--------+
         Total |   1184 |   1165 |     19 |     72 |    862 |   2 |  592.0 |
       Dungeon |   1184 |   1165 |     19 |     72 |    862 |   2 |  592.0 |
               +--------+--------+--------+--------+--------+-----+--------+

Top non-repeatable levels by time:
     D:1: 919 daAuts
     D:2: 265 daAuts
